 Dungeon Crawl Stone Soup version 0.24-a0-462-ge24419a6ad (webtiles) character file.

Game seed: 16503564720540060366

279400 EWolf the Slayer (level 19, -18/193 HPs)
             Began as a Minotaur Fighter on June 27, 2019.
             Was the Champion of Makhleb.
             Blown up by a cacodemon (39 damage)
             ... with a bolt of energy
             ... summoned by a deep elf demonologist
             ... on level 3 of the Elven Halls on July 1, 2019.
             The game lasted 06:10:16 (55712 turns).

EWolf the Slayer (Minotaur Fighter)                Turns: 55712, Time: 06:10:16

Health: -18/193    AC: 28    Str: 30    XL:     19   Next: 65%
Magic:  24/24      EV: 17    Int:  3    God:    Makhleb [******]
Gold:   2420       SH: 16    Dex: 21    Spells: 18/18 levels left

rFire    . . .     SeeInvis .   a - +10 war axe of Uhotzov {protect, Dex+2}
rCold    + + .     Gourm    .   j - +0 shield
rNeg     . . .     Faith    .   v - +1 chain mail of Ru's Generosity {rC++ Dex+4}
rPois    .         Spirit   .   I - +2 hat
rElec    .         Reflect  .   A - scarf {cloud immunity}
rCorr    .         Harm     .   W - +2 pair of gloves {Dex+3}
MR       ++...                  r - +2 pair of boots
Stlth    ..........             T - amulet of the acrobat
HPRegen  0.00/turn              z - ring of protection from magic
MPRegen  0.19/turn              y - +3 ring of strength

@: protection aura
A: retaliatory headbutt, horns 2, blurry vision 1, dopey 1, screaming 1,
inhibited regeneration
}: 2/15 runes: decaying, serpentine
a: Minor Destruction, Lesser Servant of Makhleb, Major Destruction, Greater
Servant of Makhleb, Renounce Religion


You were on level 3 of the Elven Halls.
You worshipped Makhleb.
Makhleb was exalted by your worship.
You were not hungry.

You visited 7 branches of the dungeon, and saw 35 of its levels.
You visited the Abyss 2 times.
You also visited: Bailey and Volcano.

You collected 3967 gold pieces.
You spent 1547 gold pieces at shops.

Inventory:

Hand Weapons
 a - the +10 war axe of Uhotzov (weapon) {protect, Dex+2}
   (You found it on level 1 of the Snake Pit)

   It grants its wielder temporary protection when it strikes (+7 to AC).
   It affects your dexterity (+2).
 b - a +5 eveningstar of holy wrath
 c - a +6 fustibalus of freezing
 X - the +5 demon whip "Spellbinder" {antimagic, MR+}
   (You took it off a deep elf sorcerer on level 3 of the Elven Halls)

   It reduces the magical energy of the wielder, and disrupts the spells and
   magical abilities of those hit.
   Natural abilities and divine invocations are not affected.
   It affects your resistance to hostile enchantments.
Missiles
 g - 72 boomerangs (quivered)
 K - 158 sling bullets
Armour
 j - a +0 shield (worn)
 r - a +2 pair of boots (worn)
 v - the +1 chain mail of Ru's Generosity (worn) {rC++ Dex+4}
   (You found it on level 5 of the Dungeon)

   It affects your dexterity (+4).
   It greatly protects you from cold.
 A - a scarf of cloud immunity (worn)
 G - a +2 plate armour of poison resistance
 I - a +2 hat (worn)
 W - a +2 pair of gloves of dexterity (worn)
Jewellery
 p - an uncursed ring of resist corrosion
 y - a +3 ring of strength (right hand)
 z - a ring of protection from magic (left hand)
 E - an uncursed ring of see invisible
 L - an uncursed ring of protection from fire
 T - an amulet of the acrobat (around neck)
Wands
 x - a wand of iceblast (69)
 C - a wand of disintegration (34)
 F - a wand of acid (5)
 M - a wand of flame (50)
Scrolls
 e - 7 scrolls of identify
 k - a scroll of silence {unknown}
 m - 5 scrolls of fog
 n - a scroll of holy word
 o - 20 scrolls of remove curse
 q - 6 scrolls of teleportation
 H - a scroll of enchant weapon
 N - a scroll of enchant armour
 Q - 2 scrolls of magic mapping
 R - 3 scrolls of fear
Potions
 d - 3 potions of might
 h - 6 potions of mutation
 i - a potion of invisibility
 l - 9 potions of curing
 t - 2 potions of berserk rage
 u - 3 potions of lignification
 w - 10 potions of brilliance
 B - a potion of cancellation
 J - 4 potions of haste
 O - a potion of ambrosia {unknown}
 S - 2 potions of agility
 U - 3 potions of flight
 V - 3 potions of resistance
Comestibles
 f - 40 rations


   Skills:
 + Level 22.8 Fighting
 - Level 18.5(19.2) Axes
 * Level 10.2(15.4) Maces & Flails
 - Level 13.9(14.0) Slings
 - Level 2.0(8.7) Throwing
 - Level 10.5 Armour
 - Level 10.0 Dodging
 - Level 15.0 Shields
 - Level 8.6 Invocations
 - Level 5.7 Evocations


You had 18 spell levels left.
You didn't know any spells.
Your spell library contained the following spells:

 Spells                   Type           Power        Failure   Level  Hunger
 Beastly Appendage        Tmut           #.....       93%         1    ##.....
 Flame Tongue             Conj/Fire      #....        93%         1    ##.....
 Magic Dart               Conj           #...         93%         1    ##.....
 Blink                    Tloc           N/A          98%         2    ###....
 Call Imp                 Summ           #.......     98%         2    ###....
 Searing Ray              Conj           #.....       98%         2    ###....
 Slow                     Hex            #.......     98%         2    ###....
 Sticks to Snakes         Tmut           #.......     98%         2    ###....
 Conjure Flame            Conj/Fire      #.......     100%        3    ####...
 Dazzling Spray           Conj/Hex       #.....       100%        3    ####...
 Gell's Gravitas          Tloc           #.........   100%        3    ####...
 Mephitic Cloud           Conj/Pois/Air  #.......     100%        3    ####...
 Portal Projectile        Hex/Tloc       #.....       100%        3    ####...
 Recall                   Summ/Tloc      N/A          100%        3    ####...
 Spider Form              Tmut/Pois      #.........   100%        3    ####...
 Cause Fear               Hex            #.........   100%        4    #####..
 Force Lance              Conj/Tloc      #.......     100%        4    #####..
 Fulminant Prism          Conj/Hex       #.........   100%        4    #####..
 Ice Form                 Ice/Tmut       #.......     100%        4    #####..
 Iskenderun's Mystic Bla  Conj           #.......     100%        4    #####..
 Aura of Abjuration       Summ           #.........   100%        5    ######.
 Blade Hands              Tmut           #.........   100%        5    ######.
 Silence                  Hex/Air        #.........   100%        5    ######.
 Summon Demon             Summ           #.........   100%        5    ######.
 Summon Forest            Summ/Tloc      #.........   100%        5    ######.
 Summon Mana Viper        Hex/Summ       #.......     100%        5    ######.
 Yara's Violent Unravell  Hex/Tmut       #.........   100%        5    ######.
 Bolt of Fire             Conj/Fire      #.........   100%        6    #######
 Deflect Missiles         Chrm/Air       #.........   100%        6    #######
 Dispersal                Tloc           #.........   100%        6    #######
 Shadow Creatures         Summ           N/A          100%        6    #######
 Dragon Form              Tmut           #.........   100%        7    #######
 Controlled Blink         Tloc           N/A          100%        8    #######
 Discord                  Hex            #.........   100%        8    #######
 Disjunction              Tloc           #.........   100%        8    #######
 Dragon's Call            Summ           #.........   100%        9    #######


Dungeon Overview and Level Annotations

Branches:
Dungeon (15/15)            Temple (1/1) D:6            Lair (6/6) D:9
  Swamp (4/4) Lair:3        Snake (4/4) Lair:4        Slime (0/5) Lair:5
    Orc (2/2) D:11            Elf (3/3) Orc:2        Vaults (0/5) D:14
 Depths: D:15

Altars:
Ashenzari
Cheibriados
Dithmenos
Elyvilon
Fedhas
Gozag
Hepliaklqana
Kikubaaqudgha
Makhleb
Nemelex Xobeh
Okawaru
Qazlal
Ru
Sif Muna
Trog
Uskayaw
Vehumet
Wu Jian
Xom
Yredelemnul
Zin
The Shining One
Beogh

Shops:
D:15 (?   Orc:2 **%?=   Elf:1 [   Snake:4 [

Annotations:
D:8 exclusion: downstairs
D:11 Stash #2
Lair:3 Main Stash
Swamp:2 3 runed translucent doors, Vogy's ghost, journeyman DDFi; Zoefumuj's ghost, journeyman MiBe
Snake:4 2 transporters, Musoz's ghost, adept MfIE


Innate Abilities, Weirdness & Mutations

You reflexively headbutt those who attack you in melee.
You have a pair of horns on your head.
Scrolls take you a little longer to read.
You are dopey. (Int -2)
You occasionally shout uncontrollably at your foes.
You do not regenerate when monsters are visible.


Message History

You headbutt the deep elf annihilator!
The deep elf annihilator is moderately wounded.
You hit the cacodemon.
The deep elf annihilator hits you but does no damage.
Your orange demon stings the cacodemon.
Your orange demon hits the cacodemon but does no damage.
You block the cacodemon's attack. The cacodemon hits you.
* * * LOW HITPOINT WARNING * * *
You closely miss the deep elf annihilator.
The deep elf annihilator is lightly wounded.
You closely miss the cacodemon. Something hits your orange demon!
The deep elf annihilator hits you but does no damage.
Your orange demon barely misses the cacodemon.
Your orange demon hits the cacodemon but does no damage.
You slice the deep elf annihilator!! You headbutt the deep elf annihilator!
The deep elf annihilator is heavily wounded.
You slash the cacodemon! The cacodemon gestures at you.
The bolt of energy hits you!!!
You die...

# ##......##.#.####...##### #...#
##.#######.## #...# ##.## ##.#
#.# #...# #.# ##)## #)# ##...#
#.# # ##.## #.# #.e..# #.# ###.##
#..# #.#.## ##.# .#..# #...##.#.#
#..# #.#.# #.#..#4#.# #.##
#...#########...@2.#.# #.#
#..........#####.e.#.# #.#
#..#######.# #.#...# #.#
...........# ##.#...# #.#
...######..# ##....#.# #.# ...#
####..###.###.#.# #.###
...###....))<..# #.#.########(##.
.......##..###.###.#......e..[[()
.#.###.##..# ##...###.#####.#....


You could see a cacodemon, a deep elf annihilator (berserk) and a friendly
orange demon.

Vanquished Creatures
  3 deep elf master archers (Elf:3)
  2 deep elf blademasters (Elf:3)
  Agnes (Snake:2)
  A thorn hunter (Swamp:3)
  Kirke (Lair:6)
  7 nagarajas
  Donald (Swamp:3)
  4 deep elf sorcerers (Elf:3)
  An orc warlord (D:11)
  3 deep elf elementalists (Elf:3)
  A stone giant (D:14)
  The ghost of GeneralDoubt the Severer, a journeyman MiBe of Trog (Lair:5)
  Nessos (D:12)
  6 deep elf annihilators (Elf:3)
  A red draconian (Volcano)
  3 deep elf demonologists
  The ghost of Torious the Devastator, a journeyman DECj of Sif Muna (Orc:1)
  Josephine (D:10)
  An ogre mage (Volcano)
  4 deep elf death magi
  2 deep elf high priests (Elf:3)
  4 ice dragons (Swamp:4)
  8 hydras
  2 shambling mangroves
  8 vault guards (D:14)
  16 naga warriors
  A catoblepas (D:14)
  13 anacondas
  6 alligators
  9 two-headed ogres
  24 dancing weapons
  4 death yaks
  Urug (Lair:3)
  A tengu warrior (D:13)
  14 naga sharpshooters
  5 shock serpents
  3 orc high priests (Orc:2)
  4 thrashing horrors (Abyss:3)
  A wretched star (Abyss:3)
  30 deep elf knights
  5 skeletal warriors (D:13)
  A sixfirhy (Abyss:2)
  4 unseen horrors
  3 salamander mystics
  3 spriggan druids
  5 naga ritualists
  3 sea snakes (Snake:3)
  13 deep elf archers
  3 swamp dragons
  4 orc knights
  Pikel (D:7)
  2 orc sorcerers (Orc:2)
  62 deep elf magi
  11 ugly things
  4 mana vipers
  9 salamanders
  A manticore (D:12)
  A shining eye (Abyss:2)
  5 elephants
  26 black mambas
  8 guardian serpents
  23 naga magi
  15 spiny frogs
  3 gargoyles
  4 freezing wraiths (Swamp:4)
  A rime drake (Lair:6)
  A demonic crawler (Abyss:3)
  8 komodo dragons
  A hellwing (Abyss:3)
  2 trolls (D:12)
  An ancient zyme (Abyss:3)
  3 large abominations
  6 polar bears (Lair:6)
  A troll (shapeshifter) (Elf:1)
  9 tyrant leeches
  12 hornets
  24 blink frogs
  4 hippogriffs
  A hippogriff (shapeshifter) (Elf:3)
  8 bog bodies
  19 slime creatures
  7 water elementals
  18 spriggans
  A shadow (D:11)
  2 vampires
  3 wraiths (D:10)
  4 wyverns
  2 ynoxinuls
  33 yaks
  6 hogs
  A fire elemental (Elf:1)
  A human (D:8)
  A black mamba skeleton (Abyss:2)
  3 basilisks
  A steam dragon (D:11)
  26 vampire mosquitoes
  3 hungry ghosts
  2 swamp worm simulacra (Swamp:4)
  A neqoxec (Abyss:3)
  16 swamp worms
  2 wargs (Orc:1)
  27 insubstantial wisps
  A soldier ant (D:13)
  36 nagas
  10 water moccasins
  12 hydra simulacra (Swamp:4)
  5 hell hounds
  3 porcupines
  Duvessa (D:4)
  23 orc warriors
  4 sky beasts
  3 necrophages (D:9)
  7 swamp drakes
  3 ice beasts
  5 phantoms
  8 black bears
  2 hornet zombies
  3 small abominations
  2 slaves (D:7)
  10 ogres
  26 wolves
  3 boggarts (Lair:6)
  12 crocodiles
  13 centaurs
  A big kobold (D:11)
  16 bullfrogs
  A wyvern zombie (D:11)
  5 earth elementals
  Dowan (D:4)
  6 scorpions
  15 wights
  7 killer bees
  4 electric eels
  7 howler monkeys
  9 crimson imps
  3 bullfrog zombies
  A starcursed mass (Orc:2)
  2 centaur zombies
  4 centaur skeletons
  22 orc priests
  6 hounds
  4 human zombies (D:9)
  5 jellies
  A gnoll shaman (D:5)
  A bullfrog skeleton (D:11)
  2 iron imps
  13 iguanas
  20 orc wizards
  12 worker ants
  A killer bee zombie (D:5)
  A hound zombie (D:8)
  3 mummies (D:9)
  A worker ant zombie (D:11)
  13 gnolls
  10 adders
  6 shadow imps
  2 oozes (D:4)
  2 swamp drake simulacra (Swamp:4)
  An adder skeleton (D:6)
  5 worms (D:2)
  A dart slug (D:1)
  9 leopard geckos
  68 orcs
  6 giant cockroaches
  17 goblins
  3 hobgoblins
  16 jackals
  7 quokkas
  2 ball pythons
  12 bats
  4 frilled lizards
  34 kobolds
  A leopard gecko zombie (D:5)
  An orc zombie (D:9)
  5 rats
  3 briar patches (Swamp:3)
  A bush (Lair:1)
  2 crawling corpses (Elf:2)
  7 fungi
  2 plants (Lair:6)
1286 creatures vanquished.

Vanquished Creatures (collateral kills)
  Gastronok (Orc:1)
  The ghost of Ugi Kec the Nimble, an adept DEFE of Vehumet (Snake:1)
  The ghost of Usoqaidd the Peltast, a journeyman MiMo of the Shining One (Orc:1)
  Snorg (Orc:1)
  A naga warrior (Snake:1)
  3 hydras
  3 alligators
  2 dancing weapons (Elf:2)
  A fire crab (Lair:4)
  An unseen horror (D:10)
  An orc knight (Orc:2)
  The ghost of night the Carver, a novice FoFi of Wu Jian (D:6)
  2 orc sorcerers (Orc:2)
  A slime creature (D:13)
  A black mamba (Snake:1)
  2 naga magi (Snake:1)
  A spiny frog (Swamp:4)
  A komodo dragon (Lair:4)
  A tengu conjurer (D:13)
  3 blink frogs (Lair:4)
  2 hornets
  4 dream sheep (Lair:4)
  A wraith (D:10)
  4 yaks
  2 spriggans
  A wyvern (D:13)
  An insubstantial wisp (Swamp:2)
  3 vampire mosquitoes
  2 nagas
  A swamp worm (Swamp:4)
  A water moccasin (Lair:3)
  2 swamp drakes
  2 orc warriors
  4 wolves
  A centaur (D:13)
  A bullfrog (Lair:4)
  2 howler monkeys (D:13)
  3 orc priests
  2 orcs (Orc:1)
  A briar patch (Swamp:3)
  A plant (Lair:4)
70 creatures vanquished.

Vanquished Creatures (others)
  A deep elf sorcerer (Elf:3)
  3 hydras
  A deep elf knight (Elf:3)
  A large abomination (Abyss:3)
  A deep elf mage (Elf:1)
  A titan simulacrum (Abyss:3)
  Maurice (D:12)
  A spiny frog (Swamp:4)
  A raiju (Abyss:3)
  A water elemental (Elf:1)
  A human (Lair:6)
  A fire elemental (Elf:2)
  A vampire mosquito (Swamp:4)
  2 swamp worms (Swamp:4)
  3 insubstantial wisps (Swamp:4)
  A naga (Snake:2)
  A floating eye (shapeshifter) (Abyss:3)
  An orc wizard (D:12)
  A gnoll (D:7)
  An orc (D:7)
  2 quokkas (D:7)
  4 bushes (Lair:1)
  8 fungi
  28 plants
  3 withered plants
70 creatures vanquished.

Grand Total: 1426 creatures vanquished

Notes
Turn   | Place    | Note
-------+----------+-------------------------------------------
     0 | D:1      | EWolf the Minotaur Fighter began the quest for the Orb.
     0 | D:1      | Reached XP level 1. HP: 19/19 MP: 0/0
   102 | D:1      | Reached XP level 2. HP: 26/27 MP: 1/1
   579 | D:1      | Reached skill level 1 in Dodging
   652 | D:1      | Reached skill level 4 in Fighting
   652 | D:1      | Reached XP level 3. HP: 33/33 MP: 2/2
   893 | D:2      | Found a hazy altar of Hepliaklqana.
  1233 | D:2      | Found a basalt altar of Yredelemnul.
  1390 | D:2      | Reached XP level 4. HP: 31/40 MP: 3/3
  1557 | D:2      | Found a sacrificial altar of Ru.
  2518 | D:3      | You fall into a shaft and drop 1 floor!
  2518 | D:4      | Noticed Dowan
  2519 | D:4      | Noticed a phantom
  2519 | D:4      | Noticed Duvessa
  2723 | D:3      | You fall into a shaft and drop 3 floors!
  2724 | D:6      | Noticed a phantom
  2735 | D:5      | Entered Level 5 of the Dungeon
  2858 | D:5      | Reached XP level 5. HP: 47/47 MP: 4/4
  3108 | D:5      | Noticed a centaur
  3116 | D:5      | Killed a centaur
  3116 | D:5      | Reached XP level 6. HP: 24/55 MP: 5/5
  3304 | D:5      | Reached skill level 5 in Shields
  3526 | D:5      | Found a shadowy altar of Dithmenos.
  3538 | D:5      | Got a dazzling chain mail
  3588 | D:4      | Reached skill level 5 in Fighting
  3588 | D:4      | Reached skill level 5 in Armour
  3930 | D:4      | Reached XP level 7. HP: 61/61 MP: 6/6
  3950 | D:4      | Found a shimmering altar of Xom.
  4060 | D:3      | Identified the +1 chain mail of Ru's Generosity {rC++
                  | Dex+4} (You found it on level 5 of the Dungeon)
  4084 | D:3      | Upgraded the game from 0.24-a0-458-gfcb5e6da0e to
                  | 0.24-a0-459-g225fefd530
  4909 | D:4      | Killed Duvessa
  4909 | D:4      | Reached skill level 5 in Axes
  4916 | D:4      | Killed Dowan
  5335 | D:5      | Reached skill level 6 in Fighting
  5436 | D:5      | Reached XP level 8. HP: 70/70 MP: 7/7
  5762 | D:6      | Found a runed translucent door.
  5762 | D:6      | Noticed night's ghost (novice FoFi)
  5845 | D:6      | Found a hide-covered altar of Uskayaw.
  6380 | D:6      | Found a snail-covered altar of Cheibriados.
  6509 | D:6      | Found an ornate altar of the Wu Jian Council.
  6665 | D:6      | Found a staircase to the Ecumenical Temple.
  6672 | D:6      | Reached skill level 7 in Fighting
  6789 | Temple   | Entered the Ecumenical Temple
  6822 | Temple   | Became a worshipper of Makhleb the Destroyer
  7415 | D:7      | Found a white marble altar of Elyvilon.
  7742 | D:7      | Reached XP level 9. HP: 72/79 MP: 8/8
  7901 | D:7      | Noticed Pikel
  7934 | D:7      | Killed Pikel
  7934 | D:7      | Reached skill level 8 in Fighting
  8143 | D:8      | Found a blossoming altar of Fedhas.
  8165 | D:8      | Reached * piety under Makhleb
  8758 | D:8      | Reached skill level 1 in Invocations
  8802 | D:8      | Noticed a two-headed ogre
  9264 | D:8      | Found a shadowy altar of Dithmenos.
  9513 | D:9      | Noticed a purple ugly thing
  9585 | D:8      | Reached XP level 10. HP: 42/90 MP: 10/10
  9587 | D:8      | Reached skill level 9 in Fighting
 10170 | D:9      | Found a staircase to the Lair.
 10233 | D:9      | Reached ** piety under Makhleb
 10430 | D:9      | Killed a purple ugly thing
 10614 | D:9      | Noticed a two-headed ogre
 10621 | D:9      | Killed a two-headed ogre
 10621 | D:9      | Reached skill level 1 in Throwing
 10621 | D:9      | Reached skill level 10 in Shields
 10639 | D:9      | Reached skill level 10 in Fighting
 10867 | D:9      | Found an ancient bone altar of Kikubaaqudgha.
 11181 | D:10     | Entered Level 10 of the Dungeon
 11253 | D:10     | Noticed a gargoyle
 11260 | D:10     | Killed a gargoyle
 11260 | D:10     | Reached skill level 10 in Axes
 11260 | D:10     | Reached skill level 5 in Invocations
 11338 | D:10     | Reached XP level 11. HP: 101/101 MP: 13/13
 11453 | D:10     | Reached *** piety under Makhleb
 11568 | D:10     | Noticed Josephine
 12002 | D:10     | Found a shimmering altar of Xom.
 12161 | D:10     | Noticed a four-headed hydra
 12172 | D:10     | Killed a four-headed hydra
 12359 | D:10     | Killed Josephine
 12359 | D:10     | Reached skill level 11 in Fighting
 12379 | D:10     | Noticed an unseen horror
 12382 | D:10     | Killed an unseen horror
 13148 | D:11     | Noticed a red ugly thing
 13161 | D:11     | Killed a red ugly thing
 13266 | D:11     | Reached skill level 1 in Evocations
 13323 | D:11     | Noticed a two-headed ogre
 13334 | D:11     | Killed a two-headed ogre
 13771 | D:11     | Reached **** piety under Makhleb
 13833 | D:11     | Found a staircase to the Orcish Mines.
 13854 | D:11     | Reached skill level 12 in Fighting
 13885 | D:11     | Identified 2 scrolls of acquirement
 13903 | D:11     | Found a roughly hewn altar of Beogh.
 14352 | D:11     | Noticed an unseen horror
 14376 | D:11     | Killed an unseen horror
 14503 | D:12     | Noticed Maurice
 14508 | D:12     | Paralysed by Maurice for 4 turns
 14514 | D:12     | Noticed Nessos
 14516 | D:12     | Killed Maurice
 14516 | D:12     | Reached XP level 12. HP: 112/112 MP: 15/15
 15499 | D:6      | Killed night's ghost
 15591 | Lair:1   | Entered Level 1 of the Lair of Beasts
 15657 | Lair:1   | Reached skill level 10 in Armour
 16651 | Lair:1   | Noticed a five-headed hydra
 16658 | Lair:1   | Killed a five-headed hydra
 17220 | Lair:2   | Reached skill level 13 in Fighting
 18723 | Lair:3   | Noticed a six-headed hydra
 18813 | Lair:3   | Killed a six-headed hydra
 18912 | Lair:3   | Found a staircase to the Swamp.
 19017 | Lair:3   | Noticed Urug
 19031 | Lair:3   | Killed Urug
 19789 | Lair:4   | Reached XP level 13. HP: 123/123 MP: 16/16
 20260 | Lair:4   | Found a staircase to the Snake Pit.
 20270 | Lair:4   | Reached skill level 15 in Axes
 20401 | Lair:4   | Reached skill level 14 in Fighting
 22058 | Lair:5   | Found a staircase to the Slime Pits.
 22791 | Lair:5   | Reached skill level 15 in Fighting
 23385 | Lair:5   | Found a runed translucent door.
 23386 | Lair:5   | Noticed GeneralDoubt's ghost (journeyman MiBe)
 23692 | Lair:6   | Entered Level 6 of the Lair of Beasts
 23738 | Lair:5   | Reached skill level 5 in Dodging
 24045 | Lair:6   | Found a dark tunnel.
 24059 | Volcano  | Entered a volcano
 24134 | Volcano  | Reached XP level 14. HP: 135/135 MP: 17/17
 24593 | Lair:6   | Noticed Kirke
 24675 | Lair:6   | Killed Kirke
 25257 | Lair:6   | Found a deep blue altar of Sif Muna.
 25794 | Lair:6   | Reached skill level 5 in Evocations
 25800 | Lair:6   | Paralysed by a hornet for 2 turns
 25827 | Lair:6   | Reached skill level 1 in Slings
 25843 | Lair:6   | Reached skill level 16 in Fighting
 26540 | Orc:1    | Entered Level 1 of the Orcish Mines
 26546 | Orc:1    | Noticed Gastronok
 26551 | Orc:1    | Noticed an orc warlord
 26658 | D:11     | Killed an orc warlord
 26700 | Orc:1    | Noticed Snorg
 26702 | Orc:1    | Killed Gastronok
 26708 | Orc:1    | Killed Snorg
 27328 | Orc:1    | Found a runed translucent gate.
 27329 | Orc:1    | Found a runed translucent gate.
 27330 | Orc:1    | Found a runed translucent gate.
 27335 | Orc:1    | Noticed Torious's ghost (journeyman DECj)
 27336 | Orc:1    | Noticed Usoqaidd's ghost (journeyman MiMo)
 27430 | Orc:2    | Entered Level 2 of the Orcish Mines
 27430 | Orc:2    | Found a staircase to the Elven Halls.
 27562 | Orc:2    | Found Niren's Assorted Antiques.
 27849 | Orc:2    | Found Qemupp's Jewellery Emporium.
 27849 | Orc:2    | Found Miciso Nuutz's Assorted Antiques.
 27853 | Orc:2    | Found Uklot's Magic Scroll Emporium.
 27853 | Orc:2    | Found Lawir's Food Boutique.
 27969 | Orc:2    | Bought a scroll of fear for 45 gold pieces
 28646 | D:12     | Killed Nessos
 28861 | D:12     | Reached ***** piety under Makhleb
 29266 | D:13     | Reached XP level 15. HP: 145/145 MP: 18/18
 29384 | D:13     | Found a flagged portal.
 29400 | Bailey   | Entered a bailey
 29611 | Bailey   | Reached skill level 5 in Slings
 29654 | Bailey   | Found the +7 Kryia's mail coat {PotionHeal*2 rC+}
 30850 | D:14     | Reached skill level 17 in Fighting
 31095 | D:14     | Found a gate to the Vaults.
 31426 | D:15     | Entered Level 15 of the Dungeon
 32125 | D:15     | Found Amej's Weapon Shop.
 32133 | D:15     | Bought a +3 fustibalus of freezing for 484 gold pieces
 32172 | D:15     | Found Sasiol's Magic Scroll Emporium.
 32223 | D:15     | Bought a scroll of identify for 32 gold pieces
 32223 | D:15     | Bought a scroll of teleportation for 48 gold pieces
 32223 | D:15     | Bought a scroll of teleportation for 48 gold pieces
 32223 | D:15     | Bought a scroll of identify for 32 gold pieces
 32289 | D:15     | Noticed a frost giant
 33002 | Lair:3   | Found a staircase to the Swamp.
 33013 | Swamp:1  | Entered Level 1 of the Swamp
 33671 | Lair:3   | Reached skill level 10 in Dodging
 33794 | Swamp:1  | Reached ****** piety under Makhleb
 34846 | Swamp:2  | You fall into a shaft and drop 1 floor!
 34852 | Swamp:3  | Upgraded the game from 0.24-a0-459-g225fefd530 to
                  | 0.24-a0-462-ge24419a6ad
 35011 | Swamp:3  | Noticed a thorn hunter
 35055 | Swamp:3  | Killed a thorn hunter
 35452 | Swamp:3  | Reached XP level 16. HP: 148/155 MP: 21/21
 36019 | Swamp:2  | Found a runed translucent gate.
 36021 | Swamp:2  | Found a runed translucent gate.
 36021 | Swamp:2  | Noticed Vogy's ghost (journeyman DDFi)
 36021 | Swamp:2  | Noticed Zoefumuj's ghost (journeyman MiBe)
 36022 | Swamp:2  | Found a runed translucent gate.
 36556 | Swamp:3  | Noticed Donald
 36568 | Swamp:3  | Killed Donald
 36972 | Swamp:4  | Entered Level 4 of the Swamp
 38275 | Swamp:4  | Reached skill level 18 in Fighting
 38415 | Swamp:4  | Got a decaying rune of Zot
 38706 | Elf:1    | Entered Level 1 of the Elven Halls
 39065 | Snake:1  | Entered Level 1 of the Snake Pit
 39515 | Snake:1  | Found a transporter.
 39604 | Snake:1  | Noticed Ugi Kec's ghost (adept DEFE)
 39611 | Snake:1  | Found a transporter.
 39642 | Snake:1  | Got a crystal war axe
 39643 | Snake:1  | Identified the +10 war axe of Uhotzov {protect, Dex+2} (You
                  | found it on level 1 of the Snake Pit)
 40068 | Snake:2  | Reached skill level 15 in Shields
 40705 | Snake:2  | Reached skill level 10 in Slings
 40901 | Snake:2  | Reached XP level 17. HP: 166/166 MP: 22/22
 40944 | Snake:2  | Noticed Agnes
 40968 | Snake:2  | Killed Agnes
 43219 | Snake:3  | Reached skill level 19 in Fighting
 43581 | Snake:4  | Entered Level 4 of the Snake Pit
 43801 | Snake:4  | Found a transporter.
 43805 | Snake:4  | Noticed Musoz's ghost (adept MfIE)
 44054 | Snake:4  | Found Rimifron's Armour Boutique.
 44707 | Snake:4  | HP: 8/170 [naga sharpshooter/bolt (25)]
 45719 | Snake:4  | Reached skill level 20 in Fighting
 45884 | Snake:4  | Got a serpentine rune of Zot
 46080 | Snake:4  | Found a transporter.
 46342 | Lair:5   | Killed GeneralDoubt's ghost
 46342 | Lair:5   | Reached XP level 18. HP: 160/178 MP: 10/23
 46924 | Snake:1  | Killed Ugi Kec's ghost
 47252 | Orc:1    | Killed Usoqaidd's ghost
 47259 | Orc:1    | Killed Torious's ghost
 47595 | Elf:1    | Cast into level 3 of the Abyss (a deep elf demonologist)
 47799 | Abyss:3  | Noticed a profane servitor
 47900 | Elf:1    | Escaped the Abyss
 49064 | Elf:1    | Reached skill level 21 in Fighting
 49571 | Elf:1    | Found Heonnal's Antique Armour Shoppe.
 49605 | Elf:1    | Bought a shiny plate armour for 858 gold pieces
 50351 | Elf:2    | Found a runed translucent gate.
 50351 | Elf:2    | Found a runed translucent gate.
 51044 | Elf:2    | Reached skill level 22 in Fighting
 51212 | Elf:2    | Found a runed translucent gate.
 52270 | Elf:3    | Entered Level 3 of the Elven Halls
 52274 | Elf:3    | Reached skill level 1 in Maces & Flails
 52282 | Elf:3    | Reached XP level 19. HP: 173/191 MP: 24/24
 53508 | Elf:3    | Reached skill level 5 in Maces & Flails
 53976 | Elf:3    | Noticed a Tzitzimitl
 53979 | Elf:3    | Cast into level 2 of the Abyss (a deep elf demonologist)
 54212 | Abyss:2  | Found a corrupted altar of Lugonu.
 54220 | Abyss:2  | Gained mutation: Scrolls take you a little longer to read.
                  | [a shining eye]
 54222 | Abyss:2  | Gained mutation: You occasionally shout uncontrollably at
                  | your foes. [a shining eye]
 54226 | Abyss:2  | Gained mutation: You do not regenerate when monsters are
                  | visible. [a shining eye]
 54316 | Abyss:2  | Noticed a lich
 54320 | Elf:3    | Escaped the Abyss
 54500 | Elf:3    | Identified the cursed +0 flail "Minics Egur" {crush, *Rage
                  | rN++ Dex+3 Stlth+}
 54553 | Elf:3    | Identified the amulet "Awehun" {Acrobat rC+ Int+3}
 54553 | Elf:3    | Identified the +5 quarterstaff of Nuna {pain, +Inv}
 54587 | Elf:3    | Noticed a Tzitzimitl
 55386 | Elf:3    | Reached skill level 10 in Maces & Flails
 55629 | Elf:3    | Noticed a Brimstone Fiend
 55637 | Elf:3    | Noticed a Brimstone Fiend
 55650 | Elf:3    | HP: 5/193 [???[a deep elf demonologist] (3)]
 55708 | Elf:3    | Gained mutation: You are dopey. (Int -2) [a cacodemon]
 55712 | Elf:3    | Blown up by a cacodemon

Levels and vault maps discovered:
D:1:      scummos_arrival_forest, layout_basic
D:2:      layout_basic, yredelemnul_altar_generic,
          nicolae_overflow_crystal_walls, nicolae_ru_awakened_eye
D:3:      minmay_general_purpose_star, layout_basic, serial_curves,
          eino_curves_02, eino_curves_01, eino_curves_02
D:4:      layout_rooms, brannock_xom_greatest_gift, first_ration, uniq_duvessa
D:5:      layout_cave_pools, basic_altar, kennysheep_generic_room_2
D:6:      layout_basic, slow_altar_2, kennysheep_little_box,
          lemuel_coloured_pillars_altar, minmay_temple_entry_proselytizer,
          gammafunk_ghost_grave
D:7:      layout_basic, elyvilon_altar_4, uniq_pikel
D:8:      layout_loops_cross, nicolae_dithmenos_through_a_glass_darkly,
          old_standard_altar, grunt_livestock, minmay_pinched_square
D:9:      layout_long_grid, lemuel_mausoleum_altar_kikubaaqudgha,
          grunt_lair_entry_orc_guard_hut
D:10:     layout_irregular_city, basic_altar, uniq_josephine
D:11:     layout_grid_maze, minmay_orc_entry_temple_small, serial_glass,
          glass_columns_c, glass_columns_c
D:12:     layout_gridville, uniq_nessos, uniq_maurice
D:13:     layout_cave_pools, enter_bailey_3
D:14:     layout_loops_corners, erik_vaults_2, serial_bayou,
          serial_bayou_ford_a, serial_bayou_lagoon_a, serial_bayou_pond_d,
          serial_bayou_pond_c, minivault_19
D:15:     hangedman_depths_entry_civil_slaughter, layout_basic, serial_shops,
          nicolae_shop_temple_entry_statues_fountains,
          nicolae_shop_window_shopping, shop, solitary_fountain,
          jmf_multi_god_temple2, uniq_azrael
Temple:   minmay_temple_bridge_abc
Lair:1:   beast_lair_carwin_large_1, layout_cave_shapes,
          minmay_stone_trees_medium, minmay_hedge_maze
Lair:2:   layout_cave_pods
Lair:3:   layout_misc_corridors, minmay_swamp_entry_swarm, uniq_urug
Lair:4:   layout_misc_corridors, minmay_snake_entry_spellcaster,
          serial_bayou_shore_b
Lair:5:   layout_layer_cave, minmay_slime_entry_pillars,
          ebering_ghost_inner_flame
Lair:6:   minmay_lair_end_enchanted_forest, layout_misc_corridors,
          enter_volcano_3, basic_altar, lemuel_fruit_tree, uniq_kirke
Swamp:1:  layout_falls_marsh, evilmike_swamp_ruin_house_5
Swamp:2:  layout_basic_swamp, gammafunk_ghost_cemetery,
          evilmike_swamp_ruin_house_4
Swamp:3:  layout_basic_swamp, nicolae_swamp_very_dense_foliage,
          infiniplex_staircase_pool, uniq_donald
Swamp:4:  swamp_icy, layout_basic_swamp, portal_ice_cave_entry_pillars_1
Snake:1:  layout_misc_corridors, gammafunk_ghost_arena, special_room
Snake:2:  layout_cave_town, uniq_agnes
Snake:3:  layout_gridlike, drop_trap, serial_bayou_shore_a
Snake:4:  snake_pit, layout_rooms, gammafunk_ghost_berserking_beasts,
          serial_shops, shop
Orc:1:    layout_caves, gammafunk_ghost_cemetery, uniq_gastronok, uniq_snorg
Orc:2:    grunt_orc_tribal_feast, layout_caves, serial_shops,
          nicolae_shop_overgrown_old_shop, mines2_lemuel
Elf:1:    minmay_elf_arrival_circle, layout_gridlike, serial_shops, shop,
          minivault_28
Elf:2:    layout_onion_city
Elf:3:    minmay_elf_hall_furrowed, layout_loops_ring

Skill      XL: |  1  2  3  4  5  6  7  8  9 10 11 12 13 14 15 16 17 18 19 |
---------------+----------------------------------------------------------+-----
Dodging        | 1 2 3 4 5 8 10 | 10.0
Fighting       | 4 5 6 7 8 10 12 13 15 16 17 18 20 22 | 22.8
Shields        | 4 5 6 7 9 10 12 13 15 | 15.0
Armour         | 4 5 6 7 8 9 10 | 10.5
Axes           | 3 4 5 7 8 10 11 14 16 17 18 | 18.5
Invocations    | 2 5 6 8 |  8.6
Throwing       | 2 |  2.0
Evocations     | 2 4 5 |  5.7
Slings         | 4 7 10 12 13 | 13.9
Maces & Flails | 1 10 | 10.2

Action                   |  1- 3 |  4- 6 |  7- 9 | 10-12 | 13-15 | 16-18 | 19-21 || total
-------------------------+-------+-------+-------+-------+-------+-------+-------++-------
Melee: War axe           |   116 |   141 |   276 |   715 |  1111 |   911 |   230 ||  3500
       Headbutt          |    15 |    29 |    63 |   234 |   383 |   384 |   118 ||  1226
       Flail             |       |       |       |    19 |    18 |    39 |       ||    76
       Broad axe         |       |       |       |       |   165 |   309 |       ||   474
       Eveningstar       |       |       |       |       |       |    13 |   146 ||   159
 Fire: Hunting sling     |       |       |       |       |    39 |       |       ||    39
       Fustibalus        |       |       |       |       |    32 |   140 |       ||   172
Throw: Boomerang         |       |       |    13 |     9 |    50 |    14 |     8 ||    94
Invok: Lesser Servant of |       |       |       |     5 |    45 |    37 |     2 ||    89
Evoke: Wand              |       |       |     3 |     7 |     4 |     7 |       ||    21
  Use: Scroll            |       |       |    11 |    11 |    24 |    14 |     2 ||    62
       Potion            |       |       |     2 |     1 |     4 |    11 |     1 ||    19
 Stab: Distracted        |       |       |       |     2 |     3 |     6 |       ||    11
  Eat: Chunk             |     2 |     8 |     9 |    10 |    17 |     5 |     2 ||    53
       Ration            |       |       |     3 |     7 |    11 |    15 |     2 ||    38
Armor: Scale mail        |    56 |    74 |     9 |       |       |       |       ||   139
       Chain mail        |       |       |   120 |   199 |   327 |   436 |    84 ||  1166
Dodge: Dodged            |    42 |    49 |    78 |   185 |   473 |   693 |   201 ||  1721
Block: Shield            |    75 |   101 |   174 |   441 |   800 |  1102 |   211 ||  2904

Table legend:
 A = Non-vault XP
 B = Vault XP
 C = Vault XP percentage of total XP
 D = Non-vault monster count
 E = Vault monster count
 F = Vault count percentage of total count
                 A         B        C        D         E       F
            +---------+---------+-------+---------+---------+-------
      Total |  270652 |  170349 |  38.6 |     984 |     361 |  26.8
            +---------+---------+-------+---------+---------+-------
        D:1 |      44 |       0 |   0.0 |      26 |       0 |   0.0
        D:2 |      87 |       0 |   0.0 |      28 |       0 |   0.0
        D:3 |     207 |       2 |   1.0 |      21 |       1 |   4.5
        D:4 |     424 |     220 |  34.2 |      23 |       2 |   8.0
        D:5 |     473 |       8 |   1.7 |      19 |       3 |  13.6
        D:6 |     682 |     633 |  48.1 |      16 |       3 |  15.8
        D:7 |     734 |     593 |  44.7 |      11 |       1 |   8.3
        D:8 |    1846 |    2341 |  55.9 |      25 |      17 |  40.5
        D:9 |    2992 |    1441 |  32.5 |      28 |      17 |  37.8
       D:10 |    3291 |    1462 |  30.8 |      26 |       5 |  16.1
       D:11 |    7665 |     359 |   4.5 |      63 |       8 |  11.3
       D:12 |    4300 |    1578 |  26.8 |      39 |       2 |   4.9
       D:13 |   12693 |       8 |   0.1 |      47 |       4 |   7.8
       D:14 |    6773 |    9197 |  57.6 |      25 |       9 |  26.5
       D:15 |    1896 |       0 |   0.0 |       4 |       0 |   0.0
     Lair:1 |    4680 |    1565 |  25.1 |      17 |      10 |  37.0
     Lair:2 |    2878 |       0 |   0.0 |      12 |       0 |   0.0
     Lair:3 |    7606 |    1290 |  14.5 |      32 |       4 |  11.1
     Lair:4 |   12186 |     771 |   6.0 |      49 |       3 |   5.8
     Lair:5 |    3950 |    3317 |  45.6 |      10 |       6 |  37.5
     Lair:6 |    7605 |   10516 |  58.0 |      25 |      47 |  65.3
    Swamp:1 |    5131 |       0 |   0.0 |      22 |       0 |   0.0
    Swamp:2 |   10205 |       0 |   0.0 |      36 |       0 |   0.0
    Swamp:3 |   15181 |    1769 |  10.4 |      44 |       1 |   2.2
    Swamp:4 |   15358 |    6464 |  29.6 |      44 |      24 |  35.3
    Snake:1 |   10195 |    8929 |  46.7 |      20 |      13 |  39.4
    Snake:2 |   25369 |    1761 |   6.5 |      46 |       1 |   2.1
    Snake:3 |   12081 |       0 |   0.0 |      22 |       0 |   0.0
    Snake:4 |   16874 |   28353 |  62.7 |      34 |      42 |  55.3
      Orc:1 |    1424 |    4732 |  76.9 |      26 |       4 |  13.3
      Orc:2 |    5189 |    9442 |  64.5 |      17 |      33 |  66.0
      Elf:1 |   13704 |    7286 |  34.7 |      22 |      12 |  35.3
      Elf:2 |   26326 |   18042 |  40.7 |      41 |      24 |  36.9
      Elf:3 |   21880 |   40105 |  64.7 |      38 |      25 |  39.7
    Abyss:2 |    3552 |       0 |   0.0 |      14 |       0 |   0.0
    Abyss:3 |    5171 |    1123 |  17.8 |      12 |       2 |  14.3
     Bailey |       0 |    1203 | 100.0 |       0 |      32 | 100.0
    Volcano |       0 |    5839 | 100.0 |       0 |       6 | 100.0
            +---------+---------+-------+---------+---------+-------
